 Dungeon Crawl Stone Soup version 0.30-a0-1112-gfb780f5df6 (webtiles) character file.

Game seed: 7272854686164347313

58 Elsrick the Shield-Bearer (level 4, -3/29 HPs)
             Began as a Gargoyle Fighter on Apr 20, 2023.
             Slain by a gnoll
             ... wielding a +0 whip
              (4 damage)
             ... on level 2 of the Dungeon.
             The game lasted 00:02:40 (1001 turns).

Elsrick the Shield-Bearer (Gargoyle Fighter)        Turns: 1001, Time: 00:02:41

Health: -3/29      AC: 10    Str: 21    XL:     4   Next: 2%
Magic:  4/4        EV:  9    Int:  9    God:
Gold:   35         SH:  4    Dex:  9    Spells: 3/3 levels left

rFire   . . .      SeeInvis .    a - +0 flail
rCold   . . .      Faith    .    c - +0 buckler
rNeg    + . .      Spirit   .    b - +0 scale mail
rPois   ∞          Reflect  .    (no helmet)
rElec   +          Rampage  .    (no cloak)
rCorr   +                        (no gloves)
Will    .....                    (no boots) Stlth
                                 (no amulet)
HPRegen 0.24/turn                e - ring of flight
MPRegen 0.09/turn                i - ring of resist corrosion

@: flying
A: sickness immunity, AC +3, negative energy resistance 1, electricity
resistance, torment resistance 1, petrification resistance
a: no special abilities


You were on level 2 of the Dungeon.
You visited 1 branch of the dungeon, and saw 2 of its levels.

You collected 35 gold pieces.

Inventory:

Hand Weapons
 a - a +0 flail (weapon)
Armour
 b - a +0 scale mail (worn)
 c - a +0 buckler (worn)
Jewellery
 e - a ring of flight (left hand)
 i - a ring of resist corrosion (right hand)
Scrolls
 g - a scroll of butterflies {unknown}
 j - a scroll of silence {unknown}
Potions
 d - a potion of might
 f - a potion of curing {unknown}
 h - a potion of mutation {unknown}


   Skills:
 + Level 3.7 Fighting
 + Level 2.9 Maces & Flails
 + Level 3.7 Armour
 + Level 0.3 Dodging
 + Level 3.8 Shields


You had 3 spell levels left.
You didn't know any spells.
Your spell library contained the following spells:

 Spells                   Type           Power      Damage    Failure   Level
 Hailstorm                Conj/Ice       0%         3d3       99%         3
 Ice Form                 Ice/Tmut       0%         N/A       100%        4
 Simulacrum               Ice/Necr       0%         N/A       100%        6


Dungeon Overview and Level Annotations

Branches:
Dungeon (2/15)

Altars:


Innate Abilities, Weirdness & Mutations

You are immune to sickness and miasma.
Your stone body is resilient. (AC +3)
You are immune to poison.
You resist negative energy. (rN+)
You are resistant to electric shocks. (rElec)
You are resistant to unholy torment.
You are immune to petrification.


Message History

You sock the gnoll!
You kill the gnoll!
You have reached level 4!
You feel clever.
You barely miss the gnoll. The gnoll closely misses you.
You block the gnoll's attack. The gnoll barely misses you.
The gnoll closely misses you.
You closely miss the gnoll. The gnoll barely misses you.
The gnoll closely misses you.
You hit the gnoll but do no damage. The gnoll hits you but does no damage.
You block the gnoll's attack.
You barely miss the gnoll. The gnoll closely misses you.
The gnoll hits you from afar with a +0 spear.
The gnoll barely misses you. The gnoll hits you with a +0 whip.
You barely miss the gnoll. You block the gnoll's attack.
The gnoll barely misses you.
You hit the gnoll.
The gnoll is moderately wounded.
The gnoll hits you with a +0 whip. The gnoll hits you but does no damage.
You barely miss the gnoll.
The gnoll is moderately wounded.
The gnoll closely misses you. The gnoll barely misses you. x2
The gnoll hits you from afar with a +0 spear.
* * * LOW HITPOINT WARNING * * *
You barely miss the gnoll.
The gnoll is moderately wounded.
The gnoll hits you with a +0 whip.
* * * LOW HITPOINT WARNING * * *
You block the gnoll's attack.
You closely miss the gnoll.
The gnoll is moderately wounded.
The gnoll hits you from afar with a +0 spear.
* * * LOW HITPOINT WARNING * * *
The gnoll hits you but does no damage.
You hit the gnoll.
The gnoll is severely wounded.
The gnoll hits you with a +0 whip.
* * * LOW HITPOINT WARNING * * *
The gnoll hits you but does no damage. x2; The gnoll hits you with a +0 whip.
You die...

##'## #.#######
#........
##..######
##...## ##
.####.....##...
#.............##
#..#####........
# #@####### #g#
#g# #.# #.# #.#
#.# #.#


You could see 2 gnolls.

Vanquished Creatures
  A gnoll (D:2)
  2 dart slugs (D:1)
  4 bats (D:1)
  4 endoplasms (D:1)
  4 giant cockroaches (D:1)
  A goblin (D:1)
  6 hobgoblins (D:1)
  6 jackals (D:1)
  3 kobolds (D:1)
  2 quokkas (D:1)
  2 ball pythons (D:1)
  A frilled lizard (D:1)
  A rat (D:1)
37 creatures vanquished.

Notes
Turn   | Place    | Note
-------+----------+-------------------------------------------
     0 | D:1      | Elsrick the Gargoyle Fighter began the quest for the Orb.
     0 | D:1      | Reached XP level 1. HP: 14/14 MP: 1/1
   108 | D:1      | Reached XP level 2. HP: 19/19 MP: 2/2
   342 | D:1      | Reached XP level 3. HP: 23/23 MP: 3/3
   992 | D:2      | Reached XP level 4. HP: 29/29 MP: 4/4
  1001 | D:2      | HP: 1/29 [gnoll/+0 whip (1)]
  1001 | D:2      | Slain by a gnoll

Illustrated notes

Levels and vault maps discovered:
D:1:      dreamdust_arrival_sigmund_warning, layout_basic,
          chequers_serial_rivers_micro_d, chequers_serial_rivers_micro_a
D:2:      minmay_recursive_quarters, layout_loops_corners, uniq_natasha

Action                     |  1- 3 |  4- 6 || total
---------------------------+-------+-------++-------
  Melee: Flail             |   153 |    10 ||   163
 Armour: Scale mail        |    93 |     5 ||    98
  Dodge: Dodged            |    89 |    11 ||   100
  Block: Buckler           |    30 |     4 ||    34

Table legend: (Time is in decaauts)
 A = Elapsed time spent in this place.
 B = Non-inter-level travel time spent in this place.
 C = Inter-level travel time spent in this place.
 D = Time resting spent in this place.
 E = Time spent auto-exploring this place.
 F = Levels seen in this place.
 G = Mean time per level.
                   A        B        C        D        E       F      G
               +--------+--------+--------+--------+--------+-----+--------+
         Total |   1052 |   1038 |     14 |      0 |    667 |   2 |  526.0 |
       Dungeon |   1052 |   1038 |     14 |      0 |    667 |   2 |  526.0 |
               +--------+--------+--------+--------+--------+-----+--------+

Top non-repeatable levels by time:
     D:1: 1013 daAuts
     D:2: 38 daAuts
